 Dungeon Crawl Stone Soup version 0.27.1 (webtiles) character file.

Game seed: 4106222177232038283

39 RedPan the Chiller (level 3, -2/24 HPs)
             Began as a Demonspawn Ice Elementalist on Aug 24, 2021.
             Was a Plaything of Xom.
             Killed from afar by Sigmund (5 damage)
             ... with a magic dart
             ... on level 2 of the Dungeon.
             The game lasted 00:04:36 (2077 turns).

RedPan the Chiller (Demonspawn Ice Elementalist)    Turns: 2077, Time: 00:04:37

Health: -2/24      AC:  5    Str:  6 (8)  XL:     3   Next: 26%
Magic:  7/7        EV: 11    Int: 15 (17) God:    Xom [..*...]
Gold:   91         SH:  0    Dex: 12 (13) Spells: 0/7 levels left

rFire    + . .     SeeInvis .   b - +0 dagger
rCold    . . .     Faith    .   (no shield)
rNeg     . . .     Spirit   .   i - +2 leather armour {rPois}
rPois    +         Reflect  .   (helmet restricted)
rElec    .         Harm     .   (no cloak)
rCorr    .         Rampage  .   (no gloves)
Will     .....                  (no boots)
Stlth    ++........             (no amulet)
HPRegen  0.08/turn              (no ring)
MPRegen  0.10/turn              (no ring)

@: attractive
A: claws 1, horns 1, fire resistance 1
a: Renounce Religion


You were on level 2 of the Dungeon.
You worshipped Xom.
You were a toy of Xom.
You visited 1 branch of the dungeon, and saw 2 of its levels.

You collected 91 gold pieces.

Inventory:

Hand Weapons
 b - a +0 dagger (weapon)
Armour
 a - a +0 robe
 i - a +2 leather armour of poison resistance (worn)
Potions
 f - 2 potions of flight


   Skills:
 - Level 2.0 Dodging
 - Level 2.0 Stealth
 + Level 2.7 Spellcasting
 + Level 4.1 Ice Magic


You couldn't memorise any spells.
You knew the following spells:

 Your Spells              Type           Power      Damage    Failure   Level
a - Freeze                Ice            56%        1d7       6%          1
b - Frozen Ramparts       Ice            28%        1d4       19%         3
c - Ozocubu's Armour      Ice            14%        N/A       19%         3

Your spell library contained the following spells:

 Spells                   Type           Power      Damage    Failure   Level
 Sting                    Tmut/Pois      8%         1d3       32%         1
 Poisonous Vapours        Pois/Air       4%         N/A       43%         2
 Dazzling Flash           Conj/Hex       4%         N/A       67%         3
 Gell's Gravitas          Tloc           1%         N/A       67%         3
 Teleport Other           Tloc           2%         N/A       67%         3
 Hailstorm                Conj/Ice       8%         3d4       80%         4
 Iskenderun's Mystic Bla  Conj/Tloc      2%         2d3       97%         4
 Olgreb's Toxic Radiance  Pois           2%         N/A       97%         4
 Dispersal                Tloc           1%         N/A       100%        6
 Starburst                Conj/Fire      1%         6d3       100%        6


Dungeon Overview and Level Annotations

Branches:
Dungeon (2/15)

Altars:
Xom

Annotations:
D:2 Sigmund


Innate Abilities, Weirdness & Mutations

You have sharp fingernails.
You have a pair of small horns on your head.
Your flesh is heat resistant. (rF+)


Message History

You bump into the rock wall.
The giant cockroach bites you but does no damage.
Sigmund casts a spell at you. You resist with significant effort.
You bump into the rock wall.
Xom guffaws.
The giant cockroach bites you. Sigmund hits you with a +0 scythe.
* * * LOW HITPOINT WARNING * * *
Are you sure you want to stumble around while confused and next to your hound?
Uppercase [Y]es or [N]o only, please.
Are you sure you want to stumble around while confused and next to your hound?
Okay, then.
Are you sure you want to stumble around while confused and next to your hound?
Uppercase [Y]es or [N]o only, please.
Are you sure you want to stumble around while confused and next to your hound?
You hit the giant cockroach.
The giant cockroach is moderately wounded.
The giant cockroach completely misses you.
Are you sure you want to stumble around while confused and next to your hound?
You closely miss the giant cockroach.
The giant cockroach is moderately wounded.
The giant cockroach bites you but does no damage.
Sigmund closely misses you.
The giant cockroach bites you but does no damage.
Are you sure you want to stumble around while confused and next to your hound?
You bump into the rock wall.
Your hound bites the giant cockroach. x2
The giant cockroach dies!
Sigmund hits you with a +0 scythe.
* * * LOW HITPOINT WARNING * * *
Are you sure you want to stumble around while confused and next to your hound?
Your hound barely misses Sigmund.
Are you sure you want to stumble around while confused and next to your hound?
You feel less confused.
Your hound closely misses Sigmund.
Sigmund barely misses you.
Your hound bites Sigmund.
Your hound bites Sigmund.
Sigmund casts a spell at you. The magic dart hits you.
You die...
Xom guffaws!

#..♣_.♣.♣.♣.♣......#
#.♣♣♣♣.♣♣.♣........#
##...♣.♣♣♣.♣♣.......#
#...♣♣♣♣..♣♣..#.....###
#...♣♣♣♣♣♣..♣.#.......#
#..♣♣..♣ ♣♣♣♣##.#.....#
#.....♣♣♣♣♣..##.#.....#
#...#....♣♣.###.#######
#.......#..@....#
#####...####h@#.# ##
#...# ##...# ... #...#
##..# ....
#...#######.# .....
#...........###......
#.........[.'.'......
#............##r.....
#...........#. .....


You could see Sigmund (ally target) and a friendly hound (summoned).

Vanquished Creatures
  An adder skeleton (D:2)
  A dart slug (D:1)
  4 ball pythons (D:1)
  4 endoplasms
  2 giant cockroaches (D:2)
  2 goblins (D:1)
  4 hobgoblins
  2 jackals (D:1)
  3 kobolds
  A quokka (D:1)
  3 bats
  A frilled lizard (D:1)
28 creatures vanquished.

Vanquished Creatures (collateral kills)
  A giant cockroach (D:2)
1 creature vanquished.

Vanquished Creatures (others)
  7 plants (D:1)
7 creatures vanquished.

Grand Total: 36 creatures vanquished

Notes
Turn   | Place    | Note
-------+----------+-------------------------------------------
     0 | D:1      | RedPan the Demonspawn Ice Elementalist began the quest for
                  | the Orb.
     0 | D:1      | Reached XP level 1. HP: 13/13 MP: 3/3
   239 | D:1      | Gained mutation: You have sharp fingernails. [demonic
                  | ancestry]
   239 | D:1      | Reached XP level 2. HP: 18/19 MP: 1/5
  1153 | D:1      | Reached skill level 4 in Ice Magic
  1316 | D:2      | Reached XP level 3. HP: 7/24 MP: 0/6
  1528 | D:2      | Learned a level 3 spell: Frozen Ramparts
  1532 | D:2      | Learned a level 3 spell: Ozocubu's Armour
  1701 | D:2      | Found a shimmering altar of Xom.
  1932 | D:2      | Found a faded altar of an unknown god.
  1940 | D:2      | Became a worshipper of Xom of Chaos
  1952 | D:2      | XOM: silly message
  2041 | D:2      | Noticed Sigmund
  2067 | D:2      | Gained mutation: Your flesh is heat resistant. (rF+)
                  | [potion of mutation]
  2067 | D:2      | Gained mutation: You have a pair of small horns on your
                  | head. [potion of mutation]
  2067 | D:2      | XOM: divination: detect creatures
  2071 | D:2      | XOM: cast spell 'Call Canine Familiar'
  2077 | D:2      | Killed from afar by Sigmund

Illustrated notes

Levels and vault maps discovered:
D:1:      saegor_arrival_miasma, layout_loops_ring, serial_bayou,
          serial_bayou_lagoon_a, serial_bayou_crossing, serial_bayou_pond_d,
          serial_bayou_pond_e
D:2:      layout_basic, chequers_ecumenical_altar_grove, serial_undead,
          serial_undead_b, serial_undead_b, serial_undead_e, serial_undead_b,
          basic_altar, uniq_terence, uniq_sigmund

Skill      XL: |  1  2 |
---------------+-------+-----
Stealth        | 2 |  2.0
Dodging        | 2 |  2.0
Ice Magic      | 4 |  4.1
Spellcasting   | |  2.7

Action                   || total
-------------------------++-------
Melee: Dagger            ||    53
 Cast: Freeze            ||    49
       Ozocubu's Armour  ||     1
       Frozen Ramparts   ||     1
  Use: Scroll            ||     2
       Potion            ||     4
 Stab: Sleeping          ||     2
Armor: Robe              ||    23
       Leather armour    ||     5
Dodge: Dodged            ||    59
